 Dungeon Crawl Stone Soup version 0.17.0-73-gb648821 (webtiles) character file.

2548 lucasterio the Basher (level 9, -1/69 HPs)
             Began as a Demonspawn Berserker on Dec 9, 2015.
             Was a High Priest of Trog.
             Killed from afar by Psyche (17 damage)
             ... with a wand of lightning
             ... on level 8 of the Dungeon.
             The game lasted 00:22:30 (6022 turns).

lucasterio the Basher (Demonspawn Berserker)        Turns: 6022, Time: 00:22:30

Health: -1/69      AC: 15    Str: 20    XL:     9   Next: 30%
Magic:  9/9        EV:  8    Int: 10    God:    Trog [*****.]
Gold:   421        SH:  0    Dex: 12    Spells: 0 memorised, 8 levels left

rFire  . . .     SeeInvis .     g - +0 flail (protect)
rCold  + . .     Clarity  .     F - +0 chain mail
rNeg   . . .     SustAt   .     (no shield)
rPois  .         Gourm    .     (no helmet)
rElec  .         Spirit   .     (no cloak)
rCorr  .         Warding  .     (no gloves)
rMut   .         Stasis   .     (no boots)
MR     .....                    (no amulet)
Stlth  ..........               (no ring)
                                (no ring)

@: exhausted, slowed, very slow, not resistant to hostile enchantments,
extremely unstealthy
A: claws 2, cold resistance 1, powered by death 2
a: Berserk, Trog's Hand, Brothers in Arms, Burn Spellbooks, Renounce Religion


You were on level 8 of the Dungeon.
You worshipped Trog.
Trog was extremely pleased with you.
You were near starving.

You visited 1 branch of the dungeon, and saw 8 of its levels.
You also visited: Sewer.

You collected 421 gold pieces.

Inventory:

Hand Weapons
 a - a +0 mace
 g - a +0 flail of protection (weapon)
Armour
 y - a +0 pair of gloves
 F - a +0 chain mail (worn)
 O - a cursed +0 cloak
Jewellery
 k - a cursed ring of teleportation {unknown}
 l - a cursed -5 ring of strength {unknown}
 x - an uncursed ring of fire {unknown}
 A - an uncursed amulet of the gourmand {unknown}
 P - the cursed necklace of Bloodlust {*Rage +Rage MR+ Str+2 Int-2 Slay+3 *Curse}
   (You found it on level 8 of the Dungeon)

   [amulet of rage]

   It affects your strength (+2).
   It affects your intelligence (-2).
   It affects your accuracy and damage with ranged weapons and melee attacks
   (+3).
   It affects your resistance to hostile enchantments.
   It lets you go berserk.
   It may make you go berserk in combat.
   It may re-curse itself when equipped.
   It has a curse placed upon it.
 R - an uncursed ring of invisibility {unknown}
 S - a +3 ring of intelligence {unknown}
Wands
 i - a wand of digging (15)
 s - a wand of magic darts (44)
 H - a wand of flame (12)
 I - a wand of digging (14)
 Q - a wand of flame (24)
Scrolls
 e - a scroll of random uselessness {unknown}
 h - 5 scrolls of fog {unknown}
 j - 6 scrolls of identify
 m - a scroll of blinking {unknown}
 o - a scroll of enchant weapon {unknown}
 p - 5 scrolls of remove curse {unknown}
 q - a scroll of recharging {unknown}
 r - a scroll of enchant armour {unknown}
 w - a scroll of fear {unknown}
 z - a scroll of amnesia {unknown}
 M - a scroll of noise {unknown}
 N - a scroll of teleportation {unknown}
Potions
 b - 3 potions of heal wounds {unknown}
 d - a potion of magic {unknown}
 f - a potion of mutation {unknown}
 n - a potion of lignification {unknown}
 t - 3 potions of cure mutation {unknown}
 u - a potion of might {unknown}
 v - a potion of ambrosia {unknown}
 B - 4 potions of agility {unknown}
 C - 3 potions of flight
 D - a potion of curing {unknown}
 E - a potion of brilliance {unknown}
 G - a potion of beneficial mutation {unknown}
 J - a potion of berserk rage {unknown}
 L - a potion of haste
Books
 K - a book of Spatial Translocations

   Spells                             Type                      Level
   a - Apportation                    Translocation                1
   b - Blink                          Translocation                2
   c - Shroud of Golubria             Charms/Translocation         2
   d - Portal Projectile              Translocation                3
   e - Teleport Other                 Translocation                3
   f - Passage of Golubria            Translocation                4
   Trog disapproves of the use of such an item.
Comestibles
 c - 5 bread rations


   Skills:
 + Level 5.7 Fighting
 * Level 9.2 Maces & Flails
 + Level 6.3 Armour
 - Level 1.7 Dodging


You had 8 spell levels left.
You didn't know any spells.

Dungeon Overview and Level Annotations

Branches:
Dungeon (8/15)             Temple (0/1) D:5
   Lair: D:8-11

Altars:

Shops:
D:4 %   D:8 ==

Annotations:
D:8 Psyche


Innate Abilities, Weirdness & Mutations

You have very sharp fingernails.
Your flesh is cold resistant.
You regenerate health from kills.


Message History

There is an entrance to Goc Egg's Jewellery Emporium here.
You feel your anger subside.
You are no longer berserk.
You are exhausted.
You feel yourself slow down.
You are near starving!
Psyche zaps a wand.
The bolt of lightning hits you! Psyche barely misses you. x2
You hit Psyche.
Psyche is severely wounded.
Psyche zaps a wand.
The bolt of lightning hits you!
Psyche zaps a wand.
The bolt of lightning hits you!
* * * LOW HITPOINT WARNING * * *
You are too injured to fight recklessly!
You are too injured to fight recklessly!
You closely miss Psyche.
Psyche is severely wounded.
The orc shouts!
Psyche zaps a wand.
The bolt of lightning hits you!
You die...

......#
#...#.#.......#
....#.##
###.#..........
.....>.#
#...[.......
...#.#.##
#∩.∩.#.....#
...<.# ##.
#....###.###
....##
...###∩.∩......#
...##
#...##........#
..).#
#..#........#
..>)##
#...@......#
##)).# #
#.#.@......#
##<#.####.#
#+###......#
##.#......#
#......#
#........#
#..#.###
###.....[##
##.#.#
....#.....#
##o#.#
####..##..#
#....# ......#
#....#


You could see Psyche and an orc.

Vanquished Creatures
  A wyvern (D:8)
  A hippogriff (D:6)
  A hungry ghost (D:4)
  A necrophage (D:6)
  2 sky beasts
  A phantom (D:7)
  3 ogres
  A wasp (D:7)
  A crocodile (D:7)
  A centaur (D:8)
  2 giant frogs
  2 big kobolds
  4 scorpions
  A giant frog zombie (D:7)
  5 crimson imps
  3 orc priests
  A centaur skeleton (D:6)
  A jelly (D:6)
  4 orc wizards
  Natasha (thrice) (D:2)
  A worker ant (D:6)
  A hound zombie (D:8)
  2 river rats
  7 adders
  9 gnolls
  3 shadow imps
  2 oozes
  2 adder zombies
  4 worms
  An adder skeleton (D:4)
  5 giant geckos
  19 orcs
  6 goblins
  5 hobgoblins
  14 jackals
  6 quokkas
  6 bats
  3 giant cockroaches
  A giant gecko zombie (D:6)
  8 giant newts
  A jackal skeleton (D:4)
  13 kobolds
  11 rats
169 creatures vanquished.

Notes
Turn   | Place    | Note
--------------------------------------------------------------
     0 | D:1      | lucasterio the Demonspawn Berserker began the quest for the Orb.
     0 | D:1      | Reached XP level 1. HP: 18/18 MP: 1/1
    96 | D:1      | Gained mutation: You regenerate a little health from kills. [demonic ancestry]
    96 | D:1      | Reached XP level 2. HP: 5/24 MP: 2/2
   890 | D:2      | Noticed Natasha
   896 | D:2      | Killed Natasha
   896 | D:2      | Reached XP level 3. HP: 26/29 MP: 3/3
   901 | D:2      | Reached ** piety under Trog
   910 | D:2      | Noticed Natasha
   915 | D:2      | Killed Natasha
  1085 | D:2      | Gained mutation: Your flesh is cold resistant. [demonic ancestry]
  1085 | D:2      | Reached XP level 4. HP: 31/35 MP: 4/4
  1134 | D:2      | Reached skill level 4 in Maces & Flails
  1199 | D:2      | Noticed Natasha
  1203 | D:2      | Killed Natasha
  1853 | D:3      | Reached XP level 5. HP: 17/41 MP: 5/5
  1971 | D:3      | Reached *** piety under Trog
  1974 | D:3      | Reached skill level 5 in Maces & Flails
  2302 | D:4      | Noticed an ogre
  2309 | D:4      | Killed an ogre
  2309 | D:4      | Gained mutation: You regenerate health from kills. [demonic ancestry]
  2309 | D:4      | Reached XP level 6. HP: 47/47 MP: 6/6
  2419 | D:4      | Noticed an ogre
  2424 | D:4      | Killed an ogre
  2424 | D:4      | Reached skill level 6 in Maces & Flails
  2509 | D:4      | Found Ceshenoa's Food Shop.
  2509 | D:4      | Noticed a hungry ghost
  2574 | D:4      | Killed a hungry ghost
  2574 | D:4      | Gained mutation: You have sharp fingernails. [demonic ancestry]
  2574 | D:4      | Reached XP level 7. HP: 47/52 MP: 7/7
  2933 | D:5      | Entered Level 5 of the Dungeon
  3073 | D:5      | Reached **** piety under Trog
  3207 | D:5      | Found a staircase to the Ecumenical Temple.
  3242 | D:5      | Found a glowing drain.
  3265 | Sewer    | Entered a sewer
  3346 | Sewer    | Reached skill level 7 in Maces & Flails
  3389 | Sewer    | Found a white marble altar of Elyvilon.
  3910 | D:6      | Reached skill level 5 in Armour
  3910 | D:6      | Gained mutation: You have very sharp fingernails. [demonic ancestry]
  3910 | D:6      | Reached XP level 8. HP: 29/58 MP: 8/8
  4374 | D:6      | Reached skill level 8 in Maces & Flails
  5099 | D:7      | Reached skill level 5 in Fighting
  5284 | D:7      | Reached ***** piety under Trog
  5339 | D:7      | Reached XP level 9. HP: 68/68 MP: 9/9
  5676 | D:8      | Reached skill level 9 in Maces & Flails
  5797 | D:8      | Found Cidiotol's Jewellery Boutique.
  5980 | D:8      | Found Goc Egg's Jewellery Emporium.
  5999 | D:8      | Noticed Psyche
  6022 | D:8      | Killed from afar by Psyche

Action                   |  1- 3 |  4- 6 |  7- 9 || total
-------------------------+-------+-------+-------++-------
Melee: Mace              |    75 |   111 |       ||   186
       Flail             |       |    93 |   502 ||   595
Invok: Berserk           |     1 |     5 |     6 ||    12
  Use: Scroll            |       |       |     1 ||     1
       Potion            |       |       |     1 ||     1
 Stab: Sleeping          |     1 |       |       ||     1
  Eat: Chunk             |     2 |    20 |    10 ||    32
       Royal jelly       |       |     2 |     1 ||     3
       Fruit             |       |       |     2 ||     2
       Meat ration       |       |       |     1 ||     1
